 Dungeon Crawl Stone Soup version 0.30-a0-457-g4b7bca3bfa (webtiles) character file.

Game seed: 17584308328755638613

93 pokeman the Magician (level 4, 0/25 HPs)
             Began as a Deep Elf Hedge Wizard on Dec 12, 2022.
             Slain by an orc wizard
             ... wielding a +0 dagger
              (4 damage)
             ... on level 2 of the Dungeon.
             The game lasted 00:03:20 (1742 turns).

pokeman the Magician (Deep Elf Hedge Wizard)        Turns: 1742, Time: 00:03:20

Health: 0/25       AC:  6    Str:  7    XL:     4   Next: 36%
Magic:  1/13       EV: 12    Int: 21    God:
Gold:   76         SH:  0    Dex: 14    Spells: 6/14 levels left

rFire   . . .      SeeInvis .    a - +0 dagger
rCold   . . .      Faith    .    (no shield)
rNeg    . . .      Spirit   .    f - +0 leather armour
rPois   .          Reflect  .    l - +0 helmet
rElec   .          Harm     .    (no cloak)
rCorr   .          Rampage  .    o - +0 pair of gloves
Will    .....                    n - +0 pair of boots
Stlth   ++........               (no amulet)
HPRegen 0.24/turn                (no ring)
MPRegen 0.13/turn                (no ring)

@: very slightly contaminated
A: no striking features
a: no special abilities


You were on level 2 of the Dungeon.
You visited 1 branch of the dungeon, and saw 3 of its levels.

You collected 76 gold pieces.

Inventory:

Hand Weapons
 a - a +0 dagger (weapon)
Armour
 f - a +0 leather armour (worn)
 l - a +0 helmet (worn)
 n - a +0 pair of boots (worn)
 o - a +0 pair of gloves (worn)
Magical Staves
 i - a staff of conjuration
Jewellery
 g - a ring of magical power
Scrolls
 b - a scroll of fear {unknown}
 c - 2 scrolls of identify {unknown}
 k - a scroll of enchant armour {unknown}
 p - a scroll of poison {unknown}
Potions
 d - 2 potions of magic
 e - 2 potions of degeneration {unknown}
 h - 2 potions of flight {unknown}
 j - a potion of lignification {unknown}
 m - a potion of haste {unknown}


   Skills:
 - Level 1.0 Fighting
 - Level 1.0 Armour
 + Level 2.6 Dodging
 + Level 2.7 Stealth
 * Level 5.7 Spellcasting
 + Level 2.2 Conjurations
 - Level 1.1 Summonings
 - Level 1.1 Translocations


You had 6 spell levels left.
You knew the following spells:

 Your Spells              Type           Power      Damage    Failure   Level
a - Magic Dart            Conj           60%        1d6       6%          1
b - Mephitic Cloud        Conj/Pois/Air  9%         N/A       32%         3
c - Call Imp              Summ           10%        N/A       14%         2
d - Blink                 Tloc           20%        N/A       14%         2

Your spell library contained the following spells:

 Spells                   Type           Power      Damage    Failure   Level
 Slow                     Hex            24%        N/A       14%         1
 Cigotuvi's Dreadful Rot  Necr/Pois/Air  12%        N/A       22%         2
 Portal Projectile        Hex/Tloc       16%        N/A       34%         3
 Tukima's Dance           Hex            6%         N/A       41%         3
 Blade Hands              Tmut           3%         N/A       99%         5


Dungeon Overview and Level Annotations

Branches:
Dungeon (3/15)

Altars:


Message History

The stinking cloud engulfs you but does no damage.
You are engulfed in noxious fumes.
You choke on the stench!
You are confused.
The orc wizard is engulfed in noxious fumes.
The orc wizard hits you with a +0 dagger.
* * * LOW HITPOINT WARNING * * *
Unknown command.
You bump into the rock wall.
You are engulfed in noxious fumes.
You choke on the stench!
You are more confused.
The orc wizard is engulfed in noxious fumes.
The orc wizard appears confused.
The orc wizard hits you with a +0 dagger.
* * * LOW HITPOINT WARNING * * *
Unknown command.
The orc wizard is engulfed in noxious fumes.
The orc wizard closely misses you.
You feel less confused.
The orc wizard hits you but does no damage.
Unknown command.
Casting: Mephitic Cloud (extremely dangerous; 32% risk of failure)
Confirm with . or Enter, or press ? or * to list all spells.
You miscast Call Imp.
Nothing appears to happen.
Casting: Call Imp (safe; 14% risk of failure)
Confirm with . or Enter, or press ? or * to list all spells.
A beastly little devil appears in a puff of flame.
Unknown command.
You swap places.
Your crimson imp blinks!
Your crimson imp blinks!
You hit the orc wizard.
The orc wizard is lightly wounded.
The orc wizard hits you with a +0 dagger.
* * * LOW HITPOINT WARNING * * *
Unknown command.
Casting: Call Imp (safe; 14% risk of failure)
Confirm with . or Enter, or press ? or * to list all spells.
A beastly little devil appears in a puff of frigid air.
The orc wizard hits you with a +0 dagger.
You die...

######### #####
#..5@o.ยง# ....#
#.#####.#
....#########.#####.#
...................>#
.....########.#######
.......# #.# ....##.#
###.# ....##.# #...#
....##.# #<###


You could see an orc wizard (confused, ally target) and a friendly white imp
(summoned).

Vanquished Creatures
  4 gnolls (D:2)
  An adder (D:2)
  2 orcs (D:3)
  2 ball pythons
  6 bats
  5 endoplasms
  2 giant cockroaches
  5 goblins
  A hobgoblin (D:2)
  9 kobolds
  2 frilled lizards
  3 rats
42 creatures vanquished.

Notes
Turn   | Place    | Note
-------+----------+-------------------------------------------
     0 | D:1      | pokeman the Deep Elf Hedge Wizard began the quest for the
                  | Orb.
     0 | D:1      | Reached XP level 1. HP: 10/10 MP: 7/7
   167 | D:1      | Reached XP level 2. HP: 15/15 MP: 2/9
   629 | D:1      | You fall into a shaft and drop 1 floor!
   702 | D:1      | Reached skill level 5 in Spellcasting
  1040 | D:2      | Reached XP level 3. HP: 20/20 MP: 5/11
  1044 | D:2      | Learned a level 3 spell: Mephitic Cloud
  1047 | D:2      | Learned a level 2 spell: Call Imp
  1050 | D:2      | Learned a level 2 spell: Blink
  1200 | D:2      | Reached skill level 1 in Fighting
  1200 | D:2      | Reached skill level 1 in Armour
  1220 | D:2      | Reached XP level 4. HP: 9/25 MP: 2/13
  1742 | D:2      | Slain by an orc wizard

Illustrated notes

Levels and vault maps discovered:
D:1:      tarquinn_simple_flora_water_d, layout_rooms, minmay_tromino_v7
D:2:      layout_basic
D:3:      layout_rooms, nicolae_qazlal_scattered_showers

Skill      XL: |  1  2  3 |
---------------+----------+-----
Spellcasting   | 5 |  5.7
Conjurations   | 2 |  2.2
Fighting       | 1 |  1.0
Armour         | 1 |  1.0
Dodging        | |  2.6
Stealth        | |  2.7
Summonings     | |  1.1
Translocations | |  1.1

Action                   |  1- 3 |  4- 6 || total
-------------------------+-------+-------++-------
Melee: Dagger            |    21 |     9 ||    30
 Cast: Magic Dart        |    68 |    24 ||    92
       Mephitic Cloud    |     3 |     2 ||     5
       Call Imp          |       |     2 ||     2
 Stab: Confused          |     4 |       ||     4
Armor: Leather armour    |     4 |     7 ||    11
Dodge: Dodged            |    12 |    14 ||    26

Table legend: (Time is in decaauts)
 A = Elapsed time spent in this place.
 B = Non-inter-level travel time spent in this place.
 C = Inter-level travel time spent in this place.
 D = Time resting spent in this place.
 E = Time spent auto-exploring this place.
 F = Levels seen in this place.
 G = Mean time per level.
                   A        B        C        D        E       F      G
               +--------+--------+--------+--------+--------+-----+--------+
         Total |   1743 |   1720 |     23 |    182 |   1223 |   3 |  581.0 |
       Dungeon |   1743 |   1720 |     23 |    182 |   1223 |   3 |  581.0 |
               +--------+--------+--------+--------+--------+-----+--------+

Top non-repeatable levels by time:
     D:1: 916 daAuts
     D:2: 805 daAuts
     D:3: 21 daAuts
